 Dungeon Crawl Stone Soup version 0.31-a0-210-gccc998df9b (webtiles) character file.

Game seed: 12214563701061630737

10896 Essalna the Destroyer (level 11, -7/71 HPs)
             Began as a Tengu Fire Elementalist on June 30, 2023.
             Was an Elder of Vehumet.
             Mangled by a small abomination (15 damage)
             ... on level 2 of the Abyss.
             The game lasted 00:24:18 (11811 turns).

Essalna the Destroyer (Tengu Fire Elementalist)    Turns: 11811, Time: 00:24:19

Health: -7/71      AC:  7    Str:  8    XL:     11   Next: 69%
Magic:  24/24      EV: 23    Int: 19    God:    Vehumet [****..]
Gold:   180        SH:  6    Dex: 19    Spells: 3/14 levels left

rFire   + . .        C - staff of conjuration
rCold   + . .        N - +1 buckler {rC+ rF+}
rNeg    . . .        H - +0 troll leather armour
rPois   .            J - +0 hat
rElec   .            x - +0 cloak
rCorr   .            K - +0 pair of gloves
SInv    .            (boots unavailable)
Will    .....        F - amulet of regeneration
Stlth   ++           L - ring "Amerom" {MP+9 Dex+3 Slay+2}
HPRegen 1.91/turn    k - +5 ring of evasion
MPRegen 0.19/turn

%: no passive effects
@: about to teleport, flying quickly and evasively, quick
A: beak, talons 3, nimble flight
a: Renounce Religion


You were on level 2 of the Abyss.
You worshipped Vehumet.
Vehumet was greatly pleased with you.
You visited 2 branches of the dungeon, and saw 12 of its levels.
You visited the Abyss 1 time.
You also visited: Sewer.

You collected 680 gold pieces.
You spent 500 gold pieces at shops.

Inventory:

Hand Weapons
 h - a +0 dagger
 n - a +1 dagger of electrocution
 p - a +1 dagger of venom
 q - a +1 spectral quarterstaff
Armour
 a - a +0 robe
 g - a +0 helmet
 o - a +1 robe of willpower
 x - a +0 cloak (worn)
 z - +0 acid dragon scales
 H - a +0 troll leather armour (worn)
 J - a +0 hat (worn)
 K - a +0 pair of gloves (worn)
 N - a +1 buckler of resistance (worn)
Magical Staves
 C - a staff of conjuration (weapon)
Jewellery
 c - a +6 ring of dexterity
 k - a +5 ring of evasion (right hand)
 l - a ring of see invisible
 D - a ring of magical power
 F - an amulet of regeneration (around neck)
 L - the ring "Amerom" (left hand) {MP+9 Dex+3 Slay+2}
   (You bought it in a shop on level 10 of the Dungeon)

   [ring of magical power]

   Dex:       It affects your dexterity (+3).
   Slay:      It affects your accuracy & damage with ranged weapons and melee
   (+2).
   MP:        It affects your magic capacity (+9).
Wands
 v - a wand of iceblast (3)
 B - a wand of digging (4)
 M - a wand of paralysis (4)
 O - a wand of flame (6)
Scrolls
 i - a scroll of teleportation
 u - 8 scrolls of identify
 G - a scroll of vulnerability {unknown}
 I - a scroll of revelation
Potions
 b - 2 potions of magic
 d - 7 potions of lignification
 e - 2 potions of might
 f - a potion of degeneration {unknown}
 j - 5 potions of curing {unknown}
 m - 3 potions of berserk rage {unknown}
 r - a potion of resistance {unknown}
 s - a potion of haste {unknown}
 t - a potion of heal wounds {unknown}
 w - a potion of cancellation {unknown}
 A - a potion of brilliance {unknown}
 E - a potion of ambrosia {unknown}


   Skills:
 + Level 9.2 Fighting
 - Level 7.0 Armour
 - Level 7.0 Dodging
 - Level 2.0 Stealth
 + Level 2.3 Shields
 - Level 2.0 Spellcasting
 + Level 11.7 Conjurations
 + Level 10.4 Fire Magic


You had 3 spell levels left.
You knew the following spells:

 Your Spells              Type           Power      Damage    Failure   Level
a - Foxfire               Conj/Fire      100%       2x1d9     1%          1
b - Scorch                Fire           82%        2d8       1%          2
c - Flame Wave            Conj/Fire      60%        2d14      1%          4
d - Sticky Flame          Conj/Fire      60%        2d8       1%          4

Your spell library contained the following spells:

 Spells                   Type           Power      Damage    Failure   Level
 Static Discharge         Conj/Air       72%        2-5/arc   1%          2
 Inner Flame              Hex/Fire       21%        N/A       3%          3
 Volatile Blastmotes      Fire/Tloc      42%        2d13      3%          3
 Mephitic Cloud           Conj/Pois/Air  25%        N/A       6%          3
 Poisonous Vapours        Pois/Air       2%         N/A       14%         2
 Apportation              Tloc           2%         N/A       34%         1
 Ensorcelled Hibernation  Hex/Ice        2%         N/A       47%         2
 Passwall                 Tmut/Erth      0%         N/A       47%         2
 Swiftness                Air            1%         N/A       71%         3
 Freezing Cloud           Conj/Ice/Air   12%        6-21      43%         5
 Airstrike                Air            0%         2d(1-17)  63%         4
 Summon Lightning Spire   Summ/Air       1%         N/A       98%         4
 Alistair's Intoxication  Tmut/Pois      0%         N/A       100%        5
 Summon Cactus Giant      Summ           0%         N/A       100%        6


Dungeon Overview and Level Annotations

Branches:
Dungeon (11/15)            Temple (1/1) D:4            Lair (0/5) D:8
  Sewer (visited)
    Orc: D:9-12

Altars:
Ashenzari
Cheibriados
Dithmenos
Elyvilon
Fedhas
Gozag
Hepliaklqana
Kikubaaqudgha
Makhleb
Nemelex Xobeh
Okawaru
Qazlal
Ru
Sif Muna
Trog
Uskayaw
Vehumet
Wu Jian
Xom
Yredelemnul
Zin
The Shining One

Shops:
D:7 (   D:9 (   D:10 =

Annotations:
D:11 4 transporters


Innate Abilities, Weirdness & Mutations

You have a beak for a mouth.
You have claws for feet.
Your magical nature lets you fly swiftly and evasively.


Message History

A starcursed mass splits.
A starcursed mass splits. x2
A starcursed mass splits.
A deafening chorus of shrieks assaults your mind!
The small abomination closely misses you. x2
The small abomination attacks as you move away!
The small abomination misses you.
A starcursed mass splits.
A deafening chorus of shrieks assaults your mind!
The small abomination attacks as you move away!
You block the small abomination's attack. x2
The small abomination attacks as you move away!
The small abomination hits you! A chorus of shrieks assaults your mind.
The small abomination misses you.
The small abomination attacks as you move away!
The small abomination hits you!
A neqoxec comes into view.
The neqoxec shouts!
The starcursed mass shrieks in your mind.
The small abomination attacks as you move away!
The small abomination misses you. The small abomination hits you!!
* * * LOW HITPOINT WARNING * * *
As you read the scroll of teleportation, it crumbles to dust.
You feel strangely unstable.
You feel the power of the Abyss delaying your translocation!
You block the small abomination's attack.
The neqoxec hits you but does no damage.
The small abomination hits you.
* * * LOW HITPOINT WARNING * * *
A deafening chorus of shrieks assaults your mind!
* * * LOW HITPOINT WARNING * * *
Okay, then.
Casting: Foxfire (safe; 1% risk of failure)
Confirm with . or Enter, or press ? or * to list all spells.
Okay, then.
Unknown command.
As you read the scroll labelled MYMNIEW SAXAE, it dissolves into smoke.
It was a scroll of fog.
The small abomination hits you!
You die...

. #. . ## ..# .#.
#. .. ..##... #.#
.#.......#
#..#..#.#.#...
.§#.§...#X##
#§§§§# ...##
#@#...X....
##x3.X..X.
#§§...#.. #.....#
#..#..# #...X.#
#....X#####..##
#.........X...#
...............X.


You could see a neqoxec and a small abomination.

Vanquished Creatures
  The ghost of niknal the Martial Artist, a journeyman OpTm of Sif Muna (D:10)
  2 two-headed ogres
  Sonja (D:11)
  Maggie (D:6)
  A troll (D:9)
  Sigmund (D:6)
  A shadow (D:10)
  2 wyverns (D:8)
  2 basilisks
  12 yaks
  3 steam dragons
  Menkaure (D:4)
  An acid dragon (D:11)
  4 water moccasins
  3 orc warriors
  2 ice beasts
  4 black bears
  2 ogres
  2 centaurs
  A phantom (D:6)
  2 bullfrogs
  A gnoll sergeant (D:10)
  5 kobold brigands
  6 scorpions
  3 wights (D:6)
  18 killer bees
  A crimson imp (D:5)
  3 jellies
  2 hounds
  2 orc priests
  A gnoll bouda (D:5)
  Crazy Yiuf (D:6)
  2 sleepcaps (D:5)
  Jessica (D:3)
  4 iguanas
  4 orc wizards
  A hell rat (Sewer)
  Robin (D:4)
  10 gnolls
  8 adders
  3 river rats (Sewer)
  A shadow imp (D:6)
  2 white imps
  2 worms (D:2)
  36 orcs
  6 ball pythons
  5 bats
  5 endoplasms
  8 giant cockroaches
  11 goblins
  7 hobgoblins
  22 kobolds
  4 quokkas (D:1)
  3 frilled lizards
  12 rats
250 creatures vanquished.

Vanquished Creatures (collateral kills)
  A yak (D:8)
  A wyvern (D:8)
  A water moccasin (D:8)
  6 foxfires (D:8)
9 creatures vanquished.

Vanquished Creatures (others)
  584 foxfires
584 creatures vanquished.

Grand Total: 843 creatures vanquished

Notes
Turn   | Place    | Note
-------+----------+-------------------------------------------
     0 | D:1      | Essalna the Tengu Fire Elementalist began the quest for the
                  | Orb.
     0 | D:1      | Reached XP level 1. HP: 10/10 MP: 4/4
   340 | D:1      | Reached skill level 2 in Conjurations
   340 | D:1      | Reached XP level 2. HP: 16/16 MP: 1/6
   579 | D:1      | Reached skill level 1 in Fighting
   882 | D:1      | Found a faded altar of an unknown god.
  1330 | D:2      | Reached XP level 3. HP: 20/20 MP: 1/7
  1333 | D:2      | Learned a level 2 spell: Scorch
  2575 | D:3      | Reached skill level 3 in Conjurations
  2629 | D:3      | Reached XP level 4. HP: 23/26 MP: 5/8
  2774 | D:3      | Noticed Jessica
  2780 | D:3      | Killed Jessica
  2815 | D:3      | Found an ornate altar of the Wu Jian Council.
  3145 | D:3      | Found an iron altar of Okawaru.
  3145 | D:3      | Found a bloodstained altar of Trog.
  3151 | D:3      | Gained mutation: Your magical nature lets you fly swiftly
                  | and evasively. [Tengu growth]
  3151 | D:3      | Reached XP level 5. HP: 31/31 MP: 2/9
  3424 | D:4      | Reached skill level 4 in Conjurations
  3489 | D:4      | Noticed Menkaure
  3499 | D:4      | Killed Menkaure
  3500 | D:4      | Reached skill level 5 in Fire Magic
  3500 | D:4      | Reached XP level 6. HP: 21/37 MP: 0/10
  3619 | D:4      | Reached skill level 5 in Conjurations
  3813 | D:4      | Reached XP level 7. HP: 42/42 MP: 3/11
  3916 | D:4      | Found a staircase to the Ecumenical Temple.
  3958 | Temple   | Entered the Ecumenical Temple
  4004 | Temple   | Became a worshipper of Vehumet
  4203 | D:4      | Noticed Robin
  4212 | D:4      | Killed Robin
  4367 | D:4      | You are sucked into a shaft and drop 2 floors!
  4428 | D:5      | Entered Level 5 of the Dungeon
  4531 | D:5      | Reached skill level 6 in Conjurations
  4620 | D:5      | Found a glowing drain.
  4624 | Sewer    | Entered a sewer
  4627 | Sewer    | Reached * piety under Vehumet
  4627 | Sewer    | Offered knowledge of Kiss of Death by Vehumet.
  5087 | D:5      | Reached skill level 1 in Armour
  5319 | D:5      | Reached XP level 8. HP: 48/48 MP: 6/12
  5597 | D:5      | Found a burning altar of Makhleb.
  5834 | D:5      | Reached skill level 5 in Fighting
  5900 | D:5      | Learned a level 4 spell: Flame Wave
  5979 | D:6      | Reached skill level 7 in Conjurations
  6094 | D:6      | Found a runed translucent door.
  6095 | D:6      | Noticed Crazy Yiuf
  6100 | D:6      | Killed Crazy Yiuf
  6180 | D:6      | Found a shadowy altar of Dithmenos.
  6182 | D:6      | Noticed Sigmund
  6191 | D:6      | Killed Sigmund
  6254 | D:6      | Noticed Maggie
  6267 | D:6      | Killed Maggie
  6268 | D:6      | Reached XP level 9. HP: 38/55 MP: 0/13
  6597 | D:6      | Reached skill level 8 in Conjurations
  6605 | D:6      | Reached skill level 5 in Dodging
  7032 | D:4      | Reached ** piety under Vehumet
  7044 | D:4      | Offered knowledge of Magic Dart by Vehumet.
  7282 | D:4      | Found a hide-covered altar of Uskayaw.
  7704 | D:7      | Found Icvaydok's Weapon Shoppe.
  8197 | D:8      | Reached skill level 5 in Armour
  8200 | D:8      | Reached skill level 9 in Conjurations
  8200 | D:8      | Reached XP level 10. HP: 57/61 MP: 14/14
  8393 | D:8      | Offered knowledge of Searing Ray by Vehumet.
  8487 | D:8      | Found a staircase to the Lair.
  8682 | D:8      | Reached *** piety under Vehumet
  9110 | D:8      | Reached skill level 10 in Conjurations
  9658 | D:9      | Found Jafoicie's Antique Weapon Shop.
  9687 | D:9      | Offered knowledge of Mephitic Cloud by Vehumet.
  9777 | D:9      | Found a hazy altar of Hepliaklqana.
  9971 | D:9      | Reached XP level 11. HP: 67/68 MP: 15/15
 10101 | D:9      | Noticed a two-headed ogre
 10107 | D:9      | Killed a two-headed ogre
 10107 | D:9      | Reached **** piety under Vehumet
 10608 | D:10     | Entered Level 10 of the Dungeon
 10699 | D:10     | Noticed a two-headed ogre
 10706 | D:10     | Killed a two-headed ogre
 10707 | D:10     | Reached skill level 11 in Conjurations
 10757 | D:10     | Found a runed translucent door.
 10785 | D:10     | Found Madismea's Jewellery Shoppe.
 10833 | D:10     | Bought the ring "Amerom" {MP+9 Dex+3 Slay+2} for 500 gold
                  | pieces
 11087 | D:10     | Offered knowledge of Sticky Flame by Vehumet.
 11088 | D:10     | Reached skill level 10 in Fire Magic
 11099 | D:10     | Learned a level 4 spell: Sticky Flame
 11539 | D:10     | Noticed niknal's ghost (journeyman OpTm)
 11548 | D:10     | Killed niknal's ghost
 11549 | D:10     | Reached skill level 1 in Shields
 11685 | D:11     | Found a transporter.
 11691 | D:11     | Found a transporter.
 11692 | D:11     | Found a transporter.
 11712 | D:11     | Found a transporter.
 11719 | D:11     | Noticed Sonja
 11724 | D:11     | Killed Sonja
 11724 | D:11     | Noticed a wizard
 11725 | Abyss:2  | Found a broken altar of Ashenzari.
 11725 | Abyss:2  | Cast into level 2 of the Abyss (a wizard)
 11756 | Abyss:2  | Noticed a starcursed mass
 11811 | Abyss:2  | Mangled by a small abomination

Illustrated notes

Levels and vault maps discovered:
D:1:      heliophobic_arrival_enchanted_forest, layout_basic,
          ebering_ecumenical_altar_mist
D:2:      layout_basic
D:3:      layout_loops_ring, grunt_temple_overflow_bloody_war,
          mainiacjoe_overflow_tiny_flanked, uniq_jessica
D:4:      layout_loops_corners, marbit_many_paths,
          minmay_temple_entry_enclosed_plants, minmay_misc_feat_tiny,
          uniq_menkaure, uniq_robin
D:5:      layout_loops_ring, makhleb_grotto_becter, gup_sewer_entry_spiral,
          dk_rats_in_the_wall
D:6:      layout_rooms, nicolae_overflow_crystal_walls, uniq_crazy_yiuf_cottage,
          uniq_sigmund, uniq_maggie
D:7:      layout_rooms, serial_shops, nicolae_shop_stone
D:8:      layout_loops_ring, minmay_lair_entry_grove, special_room
          [special_room_orc]
D:9:      layout_irregular_city, kennysheep_mini, serial_shops, shop,
          chequers_serial_rivers_small_b
D:10:     layout_irregular_city, ebering_ghost_reflecting_pool, serial_shops,
          shop, kennysheep_doodads, minivault_21
D:11:     minmay_smoke_and_mirrors, layout_loops_ring, erik_orc_3,
          enter_trove_2, nicolae_transporter_circle, uniq_sonja
Temple:   eino_wide_crystal_templ
Abyss:2:  base: D:6, base: D:9, eino_small_chamber_without_monster,
          spicy_abyss_rude_harpoons

Skill      XL: |  1  2  3  4  5  6  7  8  9 10 11 |
---------------+----------------------------------+-----
Conjurations   | 2 3 4 5 6 7 9 10 11 | 11.7
Fighting       | 1 2 3 4 5 6 7 9 |  9.2
Fire Magic     | 4 5 6 7 8 9 10 | 10.4
Armour         | 1 3 5 6 7 |  7.0
Dodging        | 4 5 7 |  7.0
Shields        | 2 |  2.3
Stealth        | |  2.0
Spellcasting   | |  2.0

Action                     |  1- 3 |  4- 6 |  7- 9 | 10-12 || total
---------------------------+-------+-------+-------+-------++-------
  Melee: Unarmed           |    15 |       |       |       ||    15
         Kick              |     7 |     6 |    25 |    19 ||    57
         Punch             |     2 |       |       |       ||     2
         Peck              |     4 |     3 |    18 |     4 ||    29
         Dagger            |    15 |    22 |     6 |       ||    43
         Quarterstaff      |       |       |    76 |    30 ||   106
         Staff             |       |       |       |     1 ||     1
   Cast: Foxfire           |    98 |    50 |   114 |    91 ||   353
         Scorch            |     4 |     7 |    38 |    45 ||    94
         Flame Wave        |       |       |     4 |    21 ||    25
  Evoke: Wand              |       |       |     3 |     2 ||     5
    Use: Scroll            |     5 |       |     3 |     2 ||    10
   Stab: Sleeping          |     3 |     1 |     2 |       ||     6
         Distracted        |       |       |     1 |       ||     1
 Armour: Robe              |     8 |     4 |     5 |       ||    17
         Acid dragon scale |       |       |     6 |    12 ||    18
         Troll leather arm |       |       |       |     2 ||     2
  Dodge: Dodged            |    19 |    25 |   115 |   121 ||   280
  Block: Buckler           |       |       |       |     7 ||     7

Table legend: (Time is in decaauts)
 A = Elapsed time spent in this place.
 B = Non-inter-level travel time spent in this place.
 C = Inter-level travel time spent in this place.
 D = Time resting spent in this place.
 E = Time spent auto-exploring this place.
 F = Levels seen in this place.
 G = Mean time per level.
                   A        B        C        D        E       F      G
               +--------+--------+--------+--------+--------+-----+--------+
         Total |  11368 |  10721 |    647 |    252 |   8756 |  14 |  812.0 |
       Dungeon |  10883 |  10249 |    634 |    252 |   8428 |  11 |  989.4 |
        Temple |     55 |     43 |     12 |      0 |     21 |   1 |   55.0 |
         Abyss |     77 |     77 |      0 |      0 |      0 |   1 |   77.0 |
         Sewer |    351 |    351 |      0 |      0 |    306 |   1 |  351.0 |
               +--------+--------+--------+--------+--------+-----+--------+

Top non-repeatable levels by time:
     D:4: 1385 daAuts
     D:1: 1318 daAuts
     D:8: 1242 daAuts
     D:5: 1136 daAuts
     D:3: 1078 daAuts
     D:2: 992 daAuts
     D:6: 975 daAuts
    D:10: 940 daAuts
     D:9: 926 daAuts
     D:7: 776 daAuts
   Sewer: 351 daAuts
    D:11: 112 daAuts
 Abyss:2: 77 daAuts
  Temple: 55 daAuts
